RedWings vs MapleLeafs

Created - Wednesday, October 15, 2014 at 21:40

Goals
1 2 3 T
RedWings 0 1 0 1
MapleLeafs 1 0 2 3
Shots
1 2 3 T
RedWings 10 6 10 26
MapleLeafs 12 5 14 31

1st period

1. MapleLeafs , Joe Thornton 2 (Alexander Steen, Drew Doughty) at 0:34

Penalties :
Ryan Kesler (Tor) for Hooking (Minor) at 4:54, Eric Gryba (Det) for Roughing (Minor) at 10:20, Nick Foligno (Tor) for Holding (Minor) at 15:24

2nd period

2. RedWings , Milan Michalek 2 (Alex Goligoski, Justin Abdelkader) at 1:37 (PP)

Penalties :
Justin Williams (Tor) for Roughing (Minor) at 1:04, Jason Demers (Det) for Hooking (Minor) at 2:39, Zac Rinaldo (Det) for Holding (Minor) at 4:56, Drew Doughty (Tor) for Interference (Minor) at 9:32, Zac Rinaldo (Det) for Hooking (Minor) at 19:10

3rd period

3. MapleLeafs , Lee Stempniak 1 (Zach Parise, Ryan Kesler) at 0:54 (PP)
4. MapleLeafs , Robyn Regehr 2 (Alexander Steen, Joe Thornton) at 3:16 (PP)

Penalties :
Eric Gryba (Det) for Tripping (Minor) at 1:43, Travis Moen (Det) for Holding (Minor) at 3:35, Eric Gryba (Det) for Goalie Interference (Minor) at 4:42, Zac Rinaldo (Det) for Slashing (Minor) at 9:19, Karl Alzner (Tor) for Slashing (Minor) at 13:59

Goalie Stats

Jonas Hiller (Det), 28 saves from 31 shots - (0.903), L, 1-3-0, 60:00 minutes
Cory Schneider (Tor), 25 saves from 26 shots - (0.962), W, 3-0-1, 60:00 minutes

Players Stats for RedWings

Player Name              G  A  P  +/- PIM S  H  SB GA TA FO     MP     PP MP  PK MP  
------------------------------------------------------------------------------------
Alex Goligoski           0  1  1  -1  0   7  1  2  3  3  0/0    27:36   5:24   8:27 
Alexei Emelin            0  0  0   0  0   1  0  0  0  0  0/0    11:30   0:00   0:00 
Brandon Prust            0  0  0   0  0   0  3  0  1  0  1/5     8:17   0:00   1:30 
Brian Campbell           0  0  0   0  0   3  0  1  1  0  0/0    23:51   3:05   7:19 
Bryan Bickell            0  0  0   0  0   1  0  0  0  0  2/3    18:27   3:29   3:26 
David Moss               0  0  0  -1  0   0  0  1  1  1  0/1    13:09   4:38   0:00 
Eric Gryba               0  0  0   0  6   1  0  1  0  3  0/0    18:13   3:05   2:23 
Jason Demers             0  0  0  -1  2   0  1  1  1  1  0/0    27:32   5:24  10:28 
Jesse Joensuu            0  0  0   0  0   0  0  0  0  0  0/0     7:37   0:00   0:50 
John Albert              0  0  0   0  0   2  1  0  1  1  0/0    12:28   0:26   0:00 
Johnny Boychuk           0  0  0   0  0   0  0  3  2  0  0/0    11:30   0:00   0:00 
Justin Abdelkader        0  1  1  -1  0   2  3  0  4  0  6/16   20:41   4:38   8:52 
Milan Michalek           1  0  1  -1  0   6  1  0  1  1  4/16   25:38   4:38   8:29 
Nick Leddy               0  0  0   0  0   0  0  0  0  0  0/0     0:00   0:00   0:00 
Stephane Veilleux        0  0  0   0  0   0  0  2  0  0  0/0    13:32   3:51   0:00 
Tomas Hertl              0  0  0   0  0   1  1  0  5  0  6/14   18:25   3:47   3:26 
Travis Moen              0  0  0   0  2   1  0  0  1  1  1/10   12:00   0:00   0:19 
Zac Rinaldo              0  0  0   0  6   1  1  0  3  0  1/3    14:15   0:00   0:54 

Players Stats for MapleLeafs

Player Name              G  A  P  +/- PIM S  H  SB GA TA FO     MP     PP MP  PK MP  
------------------------------------------------------------------------------------
Alexander Steen          0  2  2   1  0   7  2  0  5  0  0/1    18:42   7:31   0:00 
Brandon Sutter           0  0  0   0  0   0  1  1  2  2  10/13  15:09   0:00   6:41 
Brendan Smith            0  0  0   0  0   0  0  0  1  0  0/0    11:47   0:00   0:00 
Dominic Moore            0  0  0   0  0   1  0  0  2  0  1/1     9:01   0:00   1:48 
Drew Doughty             0  1  1   1  2   4  2  2  0  1  0/0    27:19   8:42   4:31 
Gregory Campbell         0  0  0   0  0   0  2  0  1  0  0/0    14:47   0:00   6:19 
Jarred Tinordi           0  0  0   0  0   0  3  3  0  0  0/0    13:31   0:00   1:44 
Joe Thornton             1  1  2   1  0   3  3  0  0  0  14/19  18:42   7:31   0:00 
Justin Williams          0  0  0   1  2   0  1  1  0  1  0/0    18:41   7:31   0:00 
Karl Alzner              0  0  0   1  2   2  2  4  0  4  0/0    26:04   8:42   3:16 
Kyle Palmieri            0  0  0   0  0   3  1  0  1  0  0/0     8:08   0:00   0:00 
Lee Stempniak            1  0  1   0  0   1  2  0  0  0  0/0    17:08   6:48   0:00 
Marc-Edouard Vlasic      0  0  0   0  0   1  0  2  0  2  0/0    20:09   5:37   3:14 
Nick Foligno             0  0  0   0  2   2  0  0  2  1  1/3     7:32   0:00   0:52 
Robyn Regehr             1  0  1   0  0   1  1  1  0  1  0/0    21:41   5:37   4:13 
Ryan Kesler              0  1  1   0  2   3  4  0  1  2  15/24  19:17   6:48   1:18 
Zach Parise              0  1  1   0  0   3  0  0  5  0  1/1    17:08   6:48   0:00 
Zack Smith               0  0  0   0  0   0  1  0  0  0  5/6     6:40   0:00   0:00 

3 Stars

1 - Joe Thornton (Tor)
2 - Cory Schneider (Tor)
3 - Alexander Steen (Tor)

Power Play

RedWings - 1 on 5 Attempt(s) - 20.00%
MapleLeafs - 2 on 8 Attempt(s) - 25.00%

Penalty Kill

RedWings - 6 on 8 Attempt(s) - 75.00% - Score 0 goal in Penalty Kill
MapleLeafs - 4 on 5 Attempt(s) - 80.00% - Score 0 goal in Penalty Kill

Official

Referees : Unknown
Linesman : Unknown

Game Notes

No Game Note

Finance

Level 1 -- Attendance: 3449 (57.48%) -- Ticket Income $431,125
Level 2 -- Attendance: 3032 (60.64%) -- Ticket Income $242,560
Level 3 -- Attendance: 1205 (60.25%) -- Ticket Income $57,840
Level 4 -- Attendance: 2120 (53.00%) -- Ticket Income $76,320
Luxury Box -- Attendance: 587 (58.70%) -- Ticket Income $132,075
Game was played at the Air Canada Centre
Total Attendance: 10393 (57.74%)
Total Ticket Income: $939,920
Other Income: $460,561
Total Income: $1,400,481

RedWings

5 vs 5 Forward 
   Center                   Left Wing                Right Wing               Time % Phy DF OF 
 1 Justin Abdelkader        Milan Michalek           David Moss               35     1   2  2  
 2 Tomas Hertl              Bryan Bickell            Stephane Veilleux        30     1   2  2  
 3 Travis Moen              John Albert              Zac Rinaldo              22     1   2  2  
 4 Brandon Prust            Jesse Joensuu            Milan Michalek           13     1   2  2  

5 vs 5 Defense 
   Defense                  Defense                                           Time % Phy DF OF 
 1 Alex Goligoski           Jason Demers                                      35     1   2  2  
 2 Brian Campbell           Eric Gryba                                        30     1   2  2  
 3 Alexei Emelin            Johnny Boychuk                                    22     1   2  2  
 4 Brian Campbell           Alex Goligoski                                    13     1   2  2  

PowerPlay Forward 
   Center                   Left Wing                Right Wing               Time % Phy DF OF 
 1 Justin Abdelkader        Milan Michalek           David Moss               60     1   2  2  
 2 Tomas Hertl              Bryan Bickell            Stephane Veilleux        40     1   2  2  

PowerPlay Defense
   Defense                  Defense                                           Time % Phy DF OF 
 1 Alex Goligoski           Jason Demers                                      60     1   2  2  
 2 Brian Campbell           Eric Gryba                                        40     1   2  2  

Penalty Kill 4 Players Forward 
   Center                   Wing                     Time % Phy DF OF 
 1 Milan Michalek           Justin Abdelkader        60     1   2  2  
 2 Tomas Hertl              Bryan Bickell            40     1   2  2  

Penalty Kill 4 Players Defense
   Defense                  Defense                  Time % Phy DF OF 
 1 Alex Goligoski           Jason Demers             60     1   2  2  
 2 Brian Campbell           Eric Gryba               40     1   2  2  

Penalty Kill - 3 Players Forward 
   Forward                                           Time % Phy DF OF 
 1 Milan Michalek                                    60     1   2  2  
 2 Justin Abdelkader                                 40     1   2  2  

Penalty Kill - 3 Players Defense
   Defense                  Defense                  Time % Phy DF OF 
 1 Alex Goligoski           Jason Demers             60     1   2  2  
 2 Brian Campbell           Eric Gryba               40     1   2  2  

4 vs 4 Forward 
   Center                   Wing                     Time % Phy DF OF 
 1 Milan Michalek           Justin Abdelkader        60     1   2  2  
 2 Tomas Hertl              Bryan Bickell            40     1   2  2  

4 vs 4 Defense
   Defense                  Defense                  Time % Phy DF OF 
 1 Alex Goligoski           Jason Demers             60     1   2  2  
 2 Alexei Emelin            Eric Gryba               40     1   2  2  

Last Minutes Offensive
   Center                   Left Wing                Right Wing               Defense                  Defense                  
   Justin Abdelkader        Milan Michalek           David Moss               Alex Goligoski           Jason Demers             

Last Minutes Defensive
   Center                   Left Wing                Right Wing               Defense                  Defense                  
   Justin Abdelkader        Milan Michalek           David Moss               Alex Goligoski           Jason Demers             

Goaltenders
Starting : Jonas Hiller             
Backup : Martin Jones             

Extra Forwards
Normal : Milan Michalek, John Albert, Zac Rinaldo - PP : Milan Michalek, John Albert - PK : Zac Rinaldo
Extra Defensemen
Normal : Alex Goligoski, Jason Demers, Eric Gryba - PP : Alex Goligoski - PK : Jason Demers, Alex Goligoski
Penalty Shots
Milan Michalek, Justin Abdelkader, Tomas Hertl, Bryan Bickell, Zac Rinaldo

MapleLeafs

5 vs 5 Forward 
   Center                   Left Wing                Right Wing               Time % Phy DF OF 
 1 Joe Thornton             Alexander Steen          Justin Williams          35     0   1  4  
 2 Ryan Kesler              Zach Parise              Lee Stempniak            30     0   2  3  
 3 Brandon Sutter           Gregory Campbell         Kyle Palmieri            22     1   3  1  
 4 Zack Smith               Dominic Moore            Nick Foligno             13     2   3  0  

5 vs 5 Defense 
   Defense                  Defense                                           Time % Phy DF OF 
 1 Drew Doughty             Karl Alzner                                       40     1   2  2  
 2 Robyn Regehr             Marc-Edouard Vlasic                               35     1   2  2  
 3 Brendan Smith            Jarred Tinordi                                    15     2   3  0  
 4 Drew Doughty             Karl Alzner                                       10     0   3  2  

PowerPlay Forward 
   Center                   Left Wing                Right Wing               Time % Phy DF OF 
 1 Joe Thornton             Alexander Steen          Justin Williams          60     0   1  4  
 2 Ryan Kesler              Zach Parise              Lee Stempniak            40     0   1  4  

PowerPlay Defense
   Defense                  Defense                                           Time % Phy DF OF 
 1 Drew Doughty             Karl Alzner                                       60     1   1  3  
 2 Robyn Regehr             Marc-Edouard Vlasic                               40     1   1  3  

Penalty Kill 4 Players Forward 
   Center                   Wing                     Time % Phy DF OF 
 1 Brandon Sutter           Gregory Campbell         60     1   4  0  
 2 Ryan Kesler              Dominic Moore            40     1   4  0  

Penalty Kill 4 Players Defense
   Defense                  Defense                  Time % Phy DF OF 
 1 Drew Doughty             Karl Alzner              60     1   4  0  
 2 Robyn Regehr             Marc-Edouard Vlasic      40     1   4  0  

Penalty Kill - 3 Players Forward 
   Forward                                           Time % Phy DF OF 
 1 Brandon Sutter                                    60     0   5  0  
 2 Ryan Kesler                                       40     0   5  0  

Penalty Kill - 3 Players Defense
   Defense                  Defense                  Time % Phy DF OF 
 1 Drew Doughty             Karl Alzner              60     0   5  0  
 2 Robyn Regehr             Marc-Edouard Vlasic      40     0   5  0  

4 vs 4 Forward 
   Center                   Wing                     Time % Phy DF OF 
 1 Joe Thornton             Alexander Steen          60     0   1  4  
 2 Ryan Kesler              Zach Parise              40     0   2  3  

4 vs 4 Defense
   Defense                  Defense                  Time % Phy DF OF 
 1 Drew Doughty             Karl Alzner              60     1   2  2  
 2 Robyn Regehr             Marc-Edouard Vlasic      40     1   2  2  

Last Minutes Offensive
   Center                   Left Wing                Right Wing               Defense                  Defense                  
   Alexander Steen          Zach Parise              Ryan Kesler              Drew Doughty             Karl Alzner              

Last Minutes Defensive
   Center                   Left Wing                Right Wing               Defense                  Defense                  
   Alexander Steen          Zach Parise              Ryan Kesler              Drew Doughty             Karl Alzner              

Goaltenders
Starting : Cory Schneider           
Backup : Ondrej Pavelec           

Extra Forwards
Normal : Brandon Sutter, Lee Stempniak, Nick Foligno - PP : Brandon Sutter, Lee Stempniak - PK : Nick Foligno
Extra Defensemen
Normal : Jarred Tinordi, Brendan Smith, Robyn Regehr - PP : Marc-Edouard Vlasic - PK : Jarred Tinordi, Robyn Regehr
Penalty Shots
Alexander Steen, Joe Thornton, Zach Parise, Ryan Kesler, Brandon Sutter

% Time on Ice - RedWings

Lines # - Real PCT - Wanted PCT - Time Play
Normal Forward
1 - 19% - 35% - 7:11
2 - 31% - 30% - 11:32
3 - 31% - 22% - 11:42
4 - 18% - 13% - 6:47
Normal Defense
1 - 33% - 35% - 12:21
2 - 33% - 30% - 12:08
3 - 31% - 22% - 11:30
4 - 3% - 13% - 1:13
PP Forward
1 - 55% - 60% - 4:38
2 - 45% - 40% - 3:51
PP Defense
1 - 64% - 60% - 5:24
2 - 36% - 40% - 3:05
PK Forward
1 - 74% - 60% - 10:01
2 - 26% - 40% - 3:26
PK Defense
1 - 59% - 60% - 8:00
2 - 41% - 40% - 5:27
PK3 Forward
1 - 100% - 60% - 0:52
2 - 0% - 40% - 0:00
PK3 Defense
1 - 0% - 60% - 0:00
2 - 100% - 40% - 0:52
44 Forward
1 - 0% - 60%
2 - 0% - 40%
44 Defense
1 - 0% - 60%
2 - 0% - 40%
Last Minute Offensive  - 0:00
Last Minute Defensive  - 0:00
Total
Forward - 60:00
Defense - 60:00

% Time on Ice - MapleLeafs

Lines # - Real PCT - Wanted PCT - Time Play
Normal Forward
1 - 31% - 35% - 11:31
2 - 29% - 30% - 10:53
3 - 22% - 22% - 8:08
4 - 18% - 13% - 6:40
Normal Defense
1 - 38% - 40% - 14:07
2 - 30% - 35% - 11:18
3 - 32% - 15% - 11:47
4 - 0% - 10% - 0:00
PP Forward
1 - 53% - 60% - 7:31
2 - 47% - 40% - 6:48
PP Defense
1 - 61% - 60% - 8:42
2 - 39% - 40% - 5:37
PK Forward
1 - 79% - 60% - 6:41
2 - 21% - 40% - 1:48
PK Defense
1 - 62% - 60% - 5:15
2 - 38% - 40% - 3:14
PK3 Forward
1 - 0% - 60%
2 - 0% - 40%
PK3 Defense
1 - 0% - 60%
2 - 0% - 40%
44 Forward
1 - 0% - 60%
2 - 0% - 40%
44 Defense
1 - 0% - 60%
2 - 0% - 40%
Last Minute Offensive  - 0:00
Last Minute Defensive  - 0:00
Total
Forward - 60:00
Defense - 60:00

Play by Play

1st period


0:01 of 1st period - Joe Thornton wins face-off versus Justin Abdelkader in neutral zone.
0:34 of 1st period - Wrist shot by Joe Thornton.
0:34 of 1st period - Goal by Joe Thornton - RedWings : 0 - MapleLeafs : 1.
0:35 of 1st period - Bryan Bickell wins face-off versus Ryan Kesler in neutral zone.
0:44 of 1st period - Snap shot by Tomas Hertl.
0:44 of 1st period - Shot Misses the Net.
0:54 of 1st period - Brian Campbell is hit by Ryan Kesler and loses puck.
0:59 of 1st period - Wrist shot by Zach Parise.
0:59 of 1st period - Deflect By Lee Stempniak.
0:59 of 1st period - Shot Misses the Net.
0:59 of 1st period - Puck is out of play.
1:00 of 1st period - Brandon Sutter wins face-off versus Travis Moen in RedWings zone.
1:05 of 1st period - Wrist shot by Kyle Palmieri.
1:05 of 1st period - Shot Misses the Net.
1:07 of 1st period - Backhand shot by Jarred Tinordi.
1:07 of 1st period - Shot Blocked by Johnny Boychuk.
1:35 of 1st period - Snap shot by Kyle Palmieri.
1:35 of 1st period - Shot Misses the Net.
1:37 of 1st period - Wrist shot by Jarred Tinordi.
1:37 of 1st period - Shot Blocked by Johnny Boychuk.
1:53 of 1st period - Brendan Smith is hit by Brandon Prust and loses puck.
2:06 of 1st period - Icing by Alex Goligoski.
2:07 of 1st period - Brandon Prust wins face-off versus Ryan Kesler in RedWings zone.
3:19 of 1st period - Wrist shot by Tomas Hertl.
3:19 of 1st period - Stopped by Cory Schneider with a rebound.
3:49 of 1st period - Snap shot by Kyle Palmieri.
3:49 of 1st period - Stopped by Jonas Hiller with a rebound.
3:51 of 1st period - Slapshot by Drew Doughty.
3:51 of 1st period - Stopped by Jonas Hiller with a rebound.
3:53 of 1st period - Backhand shot by Drew Doughty.
3:53 of 1st period - Deflect By Alex Goligoski.
3:53 of 1st period - Stopped by Jonas Hiller without a rebound.
3:54 of 1st period - Brandon Sutter wins face-off versus Travis Moen in RedWings zone.
4:13 of 1st period - Wrist shot by Zac Rinaldo.
4:13 of 1st period - Shot Misses the Net.
4:27 of 1st period - Slapshot by Drew Doughty.
4:27 of 1st period - Stopped by Jonas Hiller without a rebound.
4:28 of 1st period - Ryan Kesler wins face-off versus Justin Abdelkader in RedWings zone.
4:33 of 1st period - Snap shot by Zach Parise.
4:33 of 1st period - Stopped by Jonas Hiller without a rebound.
4:34 of 1st period - Justin Abdelkader wins face-off versus Ryan Kesler in RedWings zone.
4:41 of 1st period - Wrist shot by Milan Michalek.
4:41 of 1st period - Stopped by Cory Schneider with a rebound.
4:43 of 1st period - Wrist shot by Alex Goligoski.
4:43 of 1st period - Shot Misses the Net.
4:45 of 1st period - Slapshot by Brian Campbell.
4:45 of 1st period - Shot Misses the Net.
4:47 of 1st period - Snap shot by Brian Campbell.
4:47 of 1st period - Deflect By Justin Abdelkader.
4:47 of 1st period - Stopped by Cory Schneider with a rebound.
4:54 of 1st period - Minor Penalty to Ryan Kesler for Hooking.
4:55 of 1st period - Brandon Sutter wins face-off versus Tomas Hertl in MapleLeafs zone.
5:21 of 1st period - Snap shot by Tomas Hertl.
5:21 of 1st period - Shot Misses the Net.
5:43 of 1st period - Karl Alzner is hit by Justin Abdelkader and loses puck.
5:48 of 1st period - Wrist shot by Milan Michalek.
5:48 of 1st period - Stopped by Cory Schneider without a rebound.
5:49 of 1st period - Justin Abdelkader wins face-off versus Nick Foligno in MapleLeafs zone.
5:56 of 1st period - Slapshot by Justin Abdelkader.
5:56 of 1st period - Shot Blocked by Marc-Edouard Vlasic.
5:58 of 1st period - Backhand shot by Eric Gryba.
5:58 of 1st period - Shot Misses the Net.
6:00 of 1st period - Backhand shot by Eric Gryba.
6:00 of 1st period - Stopped by Cory Schneider with a rebound.
6:02 of 1st period - Slapshot by Brian Campbell.
6:02 of 1st period - Stopped by Cory Schneider without a rebound.
6:03 of 1st period - Dominic Moore wins face-off versus Justin Abdelkader in MapleLeafs zone.
6:09 of 1st period - Icing by Brian Campbell.
6:10 of 1st period - Justin Abdelkader wins face-off versus Brandon Sutter in RedWings zone.
6:33 of 1st period - Snap shot by Milan Michalek.
6:33 of 1st period - Shot Blocked by Brandon Sutter.
6:35 of 1st period - Snap shot by Eric Gryba.
6:35 of 1st period - Deflect By Justin Abdelkader.
6:35 of 1st period - Shot Misses the Net.
6:35 of 1st period - Puck is out of play.
6:36 of 1st period - Tomas Hertl wins face-off versus Nick Foligno in MapleLeafs zone.
6:54 of 1st period - Penalty to Ryan Kesler is over, Ryan Kesler is back on ice.
7:45 of 1st period - Travis Moen is hit by Alexander Steen and loses puck.
9:00 of 1st period - Slapshot by Brian Campbell.
9:00 of 1st period - Stopped by Cory Schneider without a rebound.
9:01 of 1st period - Ryan Kesler wins face-off versus Brandon Prust in MapleLeafs zone.
10:04 of 1st period - Slapshot by Brian Campbell.
10:04 of 1st period - Stopped by Cory Schneider without a rebound.
10:05 of 1st period - Zack Smith wins face-off versus Tomas Hertl in MapleLeafs zone.
10:05 of 1st period - Zack Smith is hit by Tomas Hertl.
10:20 of 1st period - Minor Penalty to Eric Gryba for Roughing.
10:21 of 1st period - Ryan Kesler wins face-off versus Milan Michalek in RedWings zone.
10:25 of 1st period - Slapshot by Ryan Kesler.
10:25 of 1st period - Shot Blocked by Alex Goligoski.
10:27 of 1st period - Wrist shot by Karl Alzner.
10:27 of 1st period - Stopped by Jonas Hiller with a rebound.
10:41 of 1st period - Wrist shot by Zach Parise.
10:41 of 1st period - Deflect By Ryan Kesler.
10:41 of 1st period - Shot Misses the Net.
10:41 of 1st period - Puck is out of play.
10:42 of 1st period - Milan Michalek wins face-off versus Ryan Kesler in RedWings zone.
11:24 of 1st period - Snap shot by Joe Thornton.
11:24 of 1st period - Stopped by Jonas Hiller without a rebound.
11:25 of 1st period - Joe Thornton wins face-off versus Zac Rinaldo in RedWings zone.
11:26 of 1st period - Slapshot by Alexander Steen.
11:26 of 1st period - Stopped by Jonas Hiller with a rebound.
11:28 of 1st period - Wrist shot by Alexander Steen.
11:28 of 1st period - Shot Misses the Net.
11:48 of 1st period - Slapshot by Ryan Kesler.
11:48 of 1st period - Shot Blocked by Brian Campbell.
11:50 of 1st period - Slapshot by Marc-Edouard Vlasic.
11:50 of 1st period - Shot Misses the Net.
11:52 of 1st period - Slapshot by Robyn Regehr.
11:52 of 1st period - Deflect By Ryan Kesler.
11:52 of 1st period - Shot Misses the Net.
11:52 of 1st period - Puck is out of play.
11:53 of 1st period - Tomas Hertl wins face-off versus Ryan Kesler in RedWings zone.
12:16 of 1st period - Brian Campbell is hit by Joe Thornton and loses puck.
12:20 of 1st period - Penalty to Eric Gryba is over, Eric Gryba is back on ice.
12:33 of 1st period - Wrist shot by Tomas Hertl.
12:33 of 1st period - Shot Blocked by Drew Doughty.
12:35 of 1st period - Slapshot by Johnny Boychuk.
12:35 of 1st period - Shot Misses the Net.
13:10 of 1st period - Icing by Marc-Edouard Vlasic.
13:11 of 1st period - Brandon Sutter wins face-off versus Travis Moen in MapleLeafs zone.
13:21 of 1st period - Off-side.
13:22 of 1st period - Zach Parise wins face-off versus Milan Michalek in neutral zone.
14:14 of 1st period - Slapshot by Kyle Palmieri.
14:14 of 1st period - Stopped by Jonas Hiller without a rebound.
14:15 of 1st period - Brandon Sutter wins face-off versus Tomas Hertl in RedWings zone.
14:24 of 1st period - Slapshot by Alex Goligoski.
14:24 of 1st period - Stopped by Cory Schneider without a rebound.
14:25 of 1st period - Tomas Hertl wins face-off versus Brandon Sutter in MapleLeafs zone.
14:40 of 1st period - Slapshot by Kyle Palmieri.
14:40 of 1st period - Stopped by Jonas Hiller without a rebound.
14:41 of 1st period - Zack Smith wins face-off versus Travis Moen in RedWings zone.
15:24 of 1st period - Minor Penalty to Nick Foligno for Holding.
15:25 of 1st period - Justin Abdelkader wins face-off versus Brandon Sutter in MapleLeafs zone.
16:32 of 1st period - Alex Goligoski is hit by Brandon Sutter and loses puck.
16:53 of 1st period - Snap shot by Ryan Kesler.
16:53 of 1st period - Shot Blocked by Stephane Veilleux.
17:13 of 1st period - Karl Alzner is hit by Alex Goligoski.
17:24 of 1st period - Penalty to Nick Foligno is over, Nick Foligno is back on ice.
18:17 of 1st period - Lee Stempniak is hit by Brandon Prust and loses puck.
18:28 of 1st period - Wrist shot by Milan Michalek.
18:28 of 1st period - Stopped by Cory Schneider with a rebound.
19:21 of 1st period - Slapshot by Nick Foligno.
19:21 of 1st period - Stopped by Jonas Hiller without a rebound.
19:22 of 1st period - Zack Smith wins face-off versus Justin Abdelkader in RedWings zone.
19:40 of 1st period - Icing by Drew Doughty.
19:41 of 1st period - Zac Rinaldo wins face-off versus Zack Smith in MapleLeafs zone.
Goals for this period are 0 for RedWings vs 1 for MapleLeafs.
Shots for this period are 10 for RedWings vs 12 for MapleLeafs.

2nd period


0:01 of 2nd period - Justin Abdelkader wins face-off versus Ryan Kesler in neutral zone.
0:10 of 2nd period - Slapshot by Milan Michalek.
0:10 of 2nd period - Stopped by Cory Schneider without a rebound.
0:11 of 2nd period - Justin Abdelkader wins face-off versus Ryan Kesler in MapleLeafs zone.
0:37 of 2nd period - Snap shot by Justin Abdelkader.
0:37 of 2nd period - Deflect By David Moss.
0:37 of 2nd period - Shot Misses the Net.
0:37 of 2nd period - Puck is out of play.
0:38 of 2nd period - Tomas Hertl wins face-off versus Alexander Steen in MapleLeafs zone.
0:43 of 2nd period - Snap shot by Bryan Bickell.
0:43 of 2nd period - Shot Misses the Net.
0:45 of 2nd period - Slapshot by Johnny Boychuk.
0:45 of 2nd period - Shot Blocked by Marc-Edouard Vlasic.
0:47 of 2nd period - Slapshot by Johnny Boychuk.
0:47 of 2nd period - Deflect By Stephane Veilleux.
0:47 of 2nd period - Shot Misses the Net.
0:47 of 2nd period - Puck is out of play.
0:48 of 2nd period - Bryan Bickell wins face-off versus Joe Thornton in MapleLeafs zone.
0:49 of 2nd period - Snap shot by Tomas Hertl.
0:49 of 2nd period - Shot Blocked by Robyn Regehr.
1:04 of 2nd period - Minor Penalty to Justin Williams for Roughing.
1:05 of 2nd period - Brandon Sutter wins face-off versus Milan Michalek in MapleLeafs zone.
1:33 of 2nd period - Snap shot by Justin Abdelkader.
1:33 of 2nd period - Stopped by Cory Schneider with a rebound.
1:35 of 2nd period - Wrist shot by Milan Michalek.
1:35 of 2nd period - Shot Blocked by Karl Alzner.
1:37 of 2nd period - Slapshot by Alex Goligoski.
1:37 of 2nd period - Deflect By Milan Michalek.
1:37 of 2nd period - Goal by Milan Michalek - RedWings : 1 - MapleLeafs : 1.
1:38 of 2nd period - Joe Thornton wins face-off versus Tomas Hertl in neutral zone.
1:41 of 2nd period - Tomas Hertl is hit by Karl Alzner and loses puck.
1:52 of 2nd period - Snap shot by Alexander Steen.
1:52 of 2nd period - Shot Blocked by Alex Goligoski.
1:54 of 2nd period - Slapshot by Drew Doughty.
1:54 of 2nd period - Deflect By Alexander Steen.
1:54 of 2nd period - Stopped by Jonas Hiller with a rebound.
1:56 of 2nd period - Slapshot by Drew Doughty.
1:56 of 2nd period - Shot Misses the Net.
1:58 of 2nd period - Slapshot by Drew Doughty.
1:58 of 2nd period - Shot Blocked by Jason Demers.
2:39 of 2nd period - Minor Penalty to Jason Demers for Hooking.
2:40 of 2nd period - Milan Michalek wins face-off versus Ryan Kesler in RedWings zone.
2:46 of 2nd period - Icing by Marc-Edouard Vlasic.
2:47 of 2nd period - Milan Michalek wins face-off versus Ryan Kesler in MapleLeafs zone.
3:15 of 2nd period - Snap shot by Zach Parise.
3:15 of 2nd period - Stopped by Jonas Hiller with a rebound.
3:48 of 2nd period - Milan Michalek is hit by Alexander Steen and loses puck.
4:39 of 2nd period - Penalty to Jason Demers is over, Jason Demers is back on ice.
4:51 of 2nd period - Johnny Boychuk is hit by Drew Doughty.
4:56 of 2nd period - Minor Penalty to Zac Rinaldo for Holding.
4:57 of 2nd period - Joe Thornton wins face-off versus Tomas Hertl in RedWings zone.
5:36 of 2nd period - Alex Goligoski is hit by Robyn Regehr and loses puck.
5:53 of 2nd period - Alex Goligoski is hit by Justin Williams and loses puck.
6:22 of 2nd period - Jason Demers is hit by Lee Stempniak and loses puck.
6:39 of 2nd period - Alexander Steen is hit by Jason Demers and loses puck.
6:49 of 2nd period - Off-side.
6:50 of 2nd period - Tomas Hertl wins face-off versus Joe Thornton in neutral zone.
6:56 of 2nd period - Penalty to Zac Rinaldo is over, Zac Rinaldo is back on ice.
7:58 of 2nd period - Brian Campbell is hit by Zack Smith and loses puck.
8:19 of 2nd period - Wrist shot by Dominic Moore.
8:19 of 2nd period - Shot Misses the Net.
9:05 of 2nd period - Snap shot by Kyle Palmieri.
9:05 of 2nd period - Shot Misses the Net.
9:07 of 2nd period - Slapshot by Drew Doughty.
9:07 of 2nd period - Shot Misses the Net.
9:09 of 2nd period - Slapshot by Drew Doughty.
9:09 of 2nd period - Deflect By Gregory Campbell.
9:09 of 2nd period - Shot Blocked by David Moss.
9:09 of 2nd period - Puck is out of play.
9:10 of 2nd period - Brandon Sutter wins face-off versus Brandon Prust in RedWings zone.
9:32 of 2nd period - Minor Penalty to Drew Doughty for Interference.
9:33 of 2nd period - Brandon Sutter wins face-off versus Justin Abdelkader in MapleLeafs zone.
9:41 of 2nd period - Brandon Sutter is hit by Justin Abdelkader and loses puck.
10:14 of 2nd period - Stephane Veilleux is hit by Jarred Tinordi and loses puck.
11:22 of 2nd period - Snap shot by Tomas Hertl.
11:22 of 2nd period - Shot Misses the Net.
11:24 of 2nd period - Snap shot by John Albert.
11:24 of 2nd period - Shot Misses the Net.
11:32 of 2nd period - Penalty to Drew Doughty is over, Drew Doughty is back on ice.
13:16 of 2nd period - Off-side.
13:17 of 2nd period - Joe Thornton wins face-off versus Travis Moen in neutral zone.
13:26 of 2nd period - Slapshot by Alex Goligoski.
13:26 of 2nd period - Stopped by Cory Schneider with a rebound.
13:32 of 2nd period - Snap shot by Jason Demers.
13:32 of 2nd period - Shot Misses the Net.
13:42 of 2nd period - Alex Goligoski is hit by Joe Thornton and loses puck.
13:51 of 2nd period - Slapshot by Brian Campbell.
13:51 of 2nd period - Shot Blocked by Justin Williams.
13:53 of 2nd period - Snap shot by Eric Gryba.
13:53 of 2nd period - Shot Blocked by Karl Alzner.
13:55 of 2nd period - Slapshot by Brian Campbell.
13:55 of 2nd period - Shot Blocked by Drew Doughty.
14:11 of 2nd period - Slapshot by Brian Campbell.
14:11 of 2nd period - Deflect By Bryan Bickell.
14:11 of 2nd period - Stopped by Cory Schneider with a rebound.
14:13 of 2nd period - Slapshot by Brian Campbell.
14:13 of 2nd period - Shot Misses the Net.
14:37 of 2nd period - Slapshot by Alex Goligoski.
14:37 of 2nd period - Stopped by Cory Schneider without a rebound.
14:38 of 2nd period - Ryan Kesler wins face-off versus Justin Abdelkader in MapleLeafs zone.
14:56 of 2nd period - Brandon Prust is hit by Ryan Kesler.
15:40 of 2nd period - Snap shot by Nick Foligno.
15:40 of 2nd period - Shot Blocked by Johnny Boychuk.
16:25 of 2nd period - Alexei Emelin is hit by Gregory Campbell and loses puck.
16:48 of 2nd period - David Moss is hit by Gregory Campbell and loses puck.
17:28 of 2nd period - Brandon Prust is hit by Kyle Palmieri and loses puck.
17:41 of 2nd period - Jason Demers is hit by Jarred Tinordi.
17:53 of 2nd period - Alex Goligoski is hit by Ryan Kesler and loses puck.
18:00 of 2nd period - Wrist shot by Ryan Kesler.
18:00 of 2nd period - Stopped by Jonas Hiller without a rebound.
18:01 of 2nd period - Zack Smith wins face-off versus Bryan Bickell in RedWings zone.
18:26 of 2nd period - Slapshot by Nick Foligno.
18:26 of 2nd period - Stopped by Jonas Hiller with a rebound.
18:28 of 2nd period - Snap shot by Marc-Edouard Vlasic.
18:28 of 2nd period - Deflect By Zack Smith.
18:28 of 2nd period - Shot Misses the Net.
18:28 of 2nd period - Puck is out of play.
18:29 of 2nd period - Joe Thornton wins face-off versus Brandon Prust in RedWings zone.
18:30 of 2nd period - Wrist shot by Alexander Steen.
18:30 of 2nd period - Stopped by Jonas Hiller without a rebound.
18:31 of 2nd period - Joe Thornton wins face-off versus Brandon Prust in RedWings zone.
18:38 of 2nd period - Snap shot by Alexander Steen.
18:38 of 2nd period - Shot Blocked by Eric Gryba.
18:54 of 2nd period - Off-side.
18:55 of 2nd period - Ryan Kesler wins face-off versus Travis Moen in neutral zone.
19:10 of 2nd period - Minor Penalty to Zac Rinaldo for Hooking.
19:11 of 2nd period - Joe Thornton wins face-off versus Milan Michalek in RedWings zone.
19:36 of 2nd period - Milan Michalek is hit by Karl Alzner and loses puck.
Goals for this period are 1 for RedWings vs 0 for MapleLeafs.
Shots for this period are 6 for RedWings vs 5 for MapleLeafs.

3rd period


0:01 of 3rd period - Joe Thornton wins face-off versus Milan Michalek in neutral zone.
0:20 of 3rd period - Slapshot by Alexander Steen.
0:20 of 3rd period - Stopped by Jonas Hiller without a rebound.
0:21 of 3rd period - Ryan Kesler wins face-off versus Milan Michalek in RedWings zone.
0:28 of 3rd period - Snap shot by Ryan Kesler.
0:28 of 3rd period - Stopped by Jonas Hiller with a rebound.
0:30 of 3rd period - Slapshot by Drew Doughty.
0:30 of 3rd period - Stopped by Jonas Hiller without a rebound.
0:31 of 3rd period - Ryan Kesler wins face-off versus Milan Michalek in RedWings zone.
0:52 of 3rd period - Snap shot by Zach Parise.
0:52 of 3rd period - Shot Misses the Net.
0:54 of 3rd period - Snap shot by Lee Stempniak.
0:54 of 3rd period - Goal by Lee Stempniak - RedWings : 1 - MapleLeafs : 2.
0:55 of 3rd period - Joe Thornton wins face-off versus Tomas Hertl in neutral zone.
1:00 of 3rd period - Slapshot by Alexander Steen.
1:00 of 3rd period - Shot Blocked by Stephane Veilleux.
1:02 of 3rd period - Slapshot by Marc-Edouard Vlasic.
1:02 of 3rd period - Stopped by Jonas Hiller with a rebound.
1:04 of 3rd period - Snap shot by Alexander Steen.
1:04 of 3rd period - Shot Misses the Net.
1:06 of 3rd period - Slapshot by Robyn Regehr.
1:06 of 3rd period - Shot Misses the Net.
1:20 of 3rd period - Wrist shot by Joe Thornton.
1:20 of 3rd period - Shot Misses the Net.
1:22 of 3rd period - Slapshot by Robyn Regehr.
1:22 of 3rd period - Deflect By Joe Thornton.
1:22 of 3rd period - Deflect By Alex Goligoski.
1:22 of 3rd period - Shot Misses the Net.
1:22 of 3rd period - Puck is out of play.
1:23 of 3rd period - Ryan Kesler wins face-off versus Justin Abdelkader in RedWings zone.
1:43 of 3rd period - Minor Penalty to Eric Gryba for Tripping.
1:44 of 3rd period - Joe Thornton wins face-off versus Milan Michalek in RedWings zone.
1:51 of 3rd period - Snap shot by Alexander Steen.
1:51 of 3rd period - Stopped by Jonas Hiller without a rebound.
1:52 of 3rd period - Joe Thornton wins face-off versus Justin Abdelkader in RedWings zone.
2:07 of 3rd period - Wrist shot by Alexander Steen.
2:07 of 3rd period - Shot Misses the Net.
2:15 of 3rd period - Slapshot by Alex Goligoski.
2:15 of 3rd period - Stopped by Cory Schneider without a rebound.
2:16 of 3rd period - Ryan Kesler wins face-off versus Milan Michalek in MapleLeafs zone.
2:27 of 3rd period - Jason Demers is hit by Lee Stempniak and loses puck.
3:14 of 3rd period - Snap shot by Alexander Steen.
3:14 of 3rd period - Shot Misses the Net.
3:16 of 3rd period - Slapshot by Robyn Regehr.
3:16 of 3rd period - Goal by Robyn Regehr - RedWings : 1 - MapleLeafs : 3.
3:17 of 3rd period - Travis Moen wins face-off versus Joe Thornton in neutral zone.
3:35 of 3rd period - Minor Penalty to Travis Moen for Holding.
3:36 of 3rd period - Milan Michalek wins face-off versus Joe Thornton in RedWings zone.
3:43 of 3rd period - Off-side.
3:44 of 3rd period - Joe Thornton wins face-off versus Milan Michalek in neutral zone.
4:07 of 3rd period - Snap shot by Joe Thornton.
4:07 of 3rd period - Stopped by Jonas Hiller with a rebound.
4:09 of 3rd period - Snap shot by Alexander Steen.
4:09 of 3rd period - Stopped by Jonas Hiller with a rebound.
4:11 of 3rd period - Snap shot by Karl Alzner.
4:11 of 3rd period - Stopped by Jonas Hiller with a rebound.
4:42 of 3rd period - Minor Penalty to Eric Gryba for Goalie Interference.
4:43 of 3rd period - Ryan Kesler wins face-off versus Milan Michalek in RedWings zone.
4:50 of 3rd period - Marc-Edouard Vlasic is hit by Milan Michalek and loses puck.
5:08 of 3rd period - Snap shot by Milan Michalek.
5:08 of 3rd period - Stopped by Cory Schneider with a rebound.
5:18 of 3rd period - Snap shot by Zach Parise.
5:18 of 3rd period - Stopped by Jonas Hiller with a rebound.
5:20 of 3rd period - Slapshot by Marc-Edouard Vlasic.
5:20 of 3rd period - Shot Misses the Net.
5:35 of 3rd period - Penalty to Travis Moen is over, Travis Moen is back on ice.
6:39 of 3rd period - Slapshot by Joe Thornton.
6:39 of 3rd period - Shot Misses the Net.
6:41 of 3rd period - Wrist shot by Alexander Steen.
6:41 of 3rd period - Shot Misses the Net.
6:42 of 3rd period - Penalty to Eric Gryba is over, Eric Gryba is back on ice.
7:25 of 3rd period - Slapshot by Johnny Boychuk.
7:25 of 3rd period - Shot Misses the Net.
7:27 of 3rd period - Slapshot by Travis Moen.
7:27 of 3rd period - Shot Misses the Net.
7:45 of 3rd period - Snap shot by Milan Michalek.
7:45 of 3rd period - Shot Misses the Net.
7:47 of 3rd period - Snap shot by Milan Michalek.
7:47 of 3rd period - Shot Blocked by Karl Alzner.
7:49 of 3rd period - Snap shot by Milan Michalek.
7:49 of 3rd period - Shot Misses the Net.
7:51 of 3rd period - Slapshot by Brian Campbell.
7:51 of 3rd period - Shot Blocked by Karl Alzner.
8:29 of 3rd period - Gregory Campbell is hit by Brandon Prust and loses puck.
8:50 of 3rd period - Wrist shot by Zac Rinaldo.
8:50 of 3rd period - Stopped by Cory Schneider without a rebound.
8:51 of 3rd period - Ryan Kesler wins face-off versus Zac Rinaldo in MapleLeafs zone.
8:51 of 3rd period - Ryan Kesler is hit by John Albert.
9:17 of 3rd period - Snap shot by Zach Parise.
9:17 of 3rd period - Shot Misses the Net.
9:19 of 3rd period - Minor Penalty to Zac Rinaldo for Slashing.
9:20 of 3rd period - Joe Thornton wins face-off versus Milan Michalek in RedWings zone.
10:14 of 3rd period - Brian Campbell is hit by Ryan Kesler and loses puck.
11:04 of 3rd period - Brandon Prust is hit by Joe Thornton and loses puck.
11:19 of 3rd period - Penalty to Zac Rinaldo is over, Zac Rinaldo is back on ice.
11:23 of 3rd period - Wrist shot by Ryan Kesler.
11:23 of 3rd period - Stopped by Jonas Hiller without a rebound.
11:24 of 3rd period - Ryan Kesler wins face-off versus Travis Moen in RedWings zone.
11:48 of 3rd period - Wrist shot by Dominic Moore.
11:48 of 3rd period - Stopped by Jonas Hiller without a rebound.
11:49 of 3rd period - Zack Smith wins face-off versus Tomas Hertl in RedWings zone.
12:09 of 3rd period - Slapshot by Alex Goligoski.
12:09 of 3rd period - Stopped by Cory Schneider with a rebound.
12:11 of 3rd period - Slapshot by Jason Demers.
12:11 of 3rd period - Shot Misses the Net.
12:51 of 3rd period - Slapshot by Alexei Emelin.
12:51 of 3rd period - Shot Blocked by Jarred Tinordi.
12:53 of 3rd period - Slapshot by Alexei Emelin.
12:53 of 3rd period - Stopped by Cory Schneider with a rebound.
12:55 of 3rd period - Wrist shot by Travis Moen.
12:55 of 3rd period - Stopped by Cory Schneider with a rebound.
12:57 of 3rd period - Snap shot by Travis Moen.
12:57 of 3rd period - Deflect By John Albert.
12:57 of 3rd period - Stopped by Cory Schneider without a rebound.
12:58 of 3rd period - Ryan Kesler wins face-off versus Travis Moen in MapleLeafs zone.
13:07 of 3rd period - Wrist shot by Ryan Kesler.
13:07 of 3rd period - Shot Misses the Net.
13:59 of 3rd period - Minor Penalty to Karl Alzner for Slashing.
14:00 of 3rd period - Brandon Sutter wins face-off versus Tomas Hertl in MapleLeafs zone.
14:35 of 3rd period - Snap shot by Tomas Hertl.
14:35 of 3rd period - Shot Misses the Net.
14:59 of 3rd period - Slapshot by Brian Campbell.
14:59 of 3rd period - Deflect By Justin Abdelkader.
14:59 of 3rd period - Shot Misses the Net.
14:59 of 3rd period - Puck is out of play.
15:00 of 3rd period - Brandon Sutter wins face-off versus Justin Abdelkader in MapleLeafs zone.
15:34 of 3rd period - Backhand shot by Alex Goligoski.
15:34 of 3rd period - Stopped by Cory Schneider with a rebound.
15:42 of 3rd period - Wrist shot by Tomas Hertl.
15:42 of 3rd period - Shot Misses the Net.
15:52 of 3rd period - Slapshot by Jason Demers.
15:52 of 3rd period - Shot Misses the Net.
15:54 of 3rd period - Slapshot by Alex Goligoski.
15:54 of 3rd period - Shot Misses the Net.
15:59 of 3rd period - Penalty to Karl Alzner is over, Karl Alzner is back on ice.
16:13 of 3rd period - Icing by Drew Doughty.
16:14 of 3rd period - Ryan Kesler wins face-off versus Travis Moen in MapleLeafs zone.
16:19 of 3rd period - Alexei Emelin is hit by Drew Doughty.
16:31 of 3rd period - Slapshot by Brian Campbell.
16:31 of 3rd period - Deflect By John Albert.
16:31 of 3rd period - Shot Misses the Net.
16:31 of 3rd period - Puck is out of play.
16:32 of 3rd period - Tomas Hertl wins face-off versus Joe Thornton in MapleLeafs zone.
16:51 of 3rd period - Stephane Veilleux is hit by Jarred Tinordi and loses puck.
17:26 of 3rd period - Snap shot by Travis Moen.
17:26 of 3rd period - Shot Blocked by Jarred Tinordi.
17:28 of 3rd period - Snap shot by Alex Goligoski.
17:28 of 3rd period - Shot Blocked by Jarred Tinordi.
17:30 of 3rd period - Snap shot by Alex Goligoski.
17:30 of 3rd period - Stopped by Cory Schneider with a rebound.
17:32 of 3rd period - Snap shot by Jason Demers.
17:32 of 3rd period - Deflect By John Albert.
17:32 of 3rd period - Stopped by Cory Schneider without a rebound.
17:33 of 3rd period - Ryan Kesler wins face-off versus Justin Abdelkader in MapleLeafs zone.
17:48 of 3rd period - Icing by Justin Abdelkader.
17:49 of 3rd period - Nick Foligno wins face-off versus David Moss in RedWings zone.
18:14 of 3rd period - Marc-Edouard Vlasic is hit by Justin Abdelkader and loses puck.
18:58 of 3rd period - Snap shot by Alexander Steen.
18:58 of 3rd period - Stopped by Jonas Hiller with a rebound.
19:30 of 3rd period - Ryan Kesler is hit by Zac Rinaldo and loses puck.
Goals for this period are 0 for RedWings vs 2 for MapleLeafs.
Shots for this period are 10 for RedWings vs 14 for MapleLeafs.


Output by the SimonT Hockey Simulator (STHS) for Eric Dolegowski -- Original Page W3C XHTML 1.0 Valid
Hockey Simulator - Hockey Simulation - Hockey Manager